 Dungeon Crawl Stone Soup version 0.21.1-1-g345015fe64 (webtiles) character file.

1053 Htamos the Covert (level 8, -6/36 HPs)
             Began as a Spriggan Enchanter on June 12, 2018.
             Was an Initiate of Dithmenos.
             Mangled by an ice beast (9 damage)
             ... on level 6 of the Dungeon.
             The game lasted 00:34:24 (6971 turns).

Htamos the Covert (Spriggan Enchanter)              Turns: 6971, Time: 00:34:24

Health: -6/36      AC:  2    Str:  4    XL:     8   Next: 5%
Magic:  13/13      EV: 19    Int: 18    God:    Dithmenos [......]
Gold:   369        SH:  0    Dex: 17    Spells: 9/12 levels left

rFire    . . .     SeeInvis +   a - +1 dagger
rCold    . . .     Gourm    .   (shield restricted)
rNeg     . . .     Faith    .   (armour restricted)
rPois    .         Spirit   .   j - +2 hat
rElec    .         Reflect  .   (no cloak)
rCorr    .         Harm     .   (gloves unavailable)
MR       +....                  (boots unavailable)
Stlth    ++++++....             (no amulet)
HPRegen  0.12/turn              (no ring)
MPRegen  0.13/turn              (no ring)

@: very quick
A: very small, unfitting armour, see invisible, herbivore, speed 3, slow
metabolism 2
a: Renounce Religion


You were on level 6 of the Dungeon.
You worshipped Dithmenos.
Dithmenos was noncommittal.
You were not hungry.

You visited 1 branch of the dungeon, and saw 6 of its levels.

You collected 369 gold pieces.

Inventory:

Hand Weapons
 a - a +1 dagger (weapon)
Armour
 b - a +0 robe
 j - a +2 hat (worn)
 A - +0 storm dragon scales
Jewellery
 k - an uncursed amulet of regeneration
 l - an uncursed ring of flight {unknown}
 m - an uncursed amulet of guardian spirit
Wands
 z - a wand of iceblast (10)
Scrolls
 g - 6 scrolls of identify {unknown}
 h - 2 scrolls of enchant weapon {unknown}
 i - a scroll of blinking {unknown}
 n - 4 scrolls of amnesia {unknown}
 o - 3 scrolls of remove curse {unknown}
 p - a scroll of teleportation {unknown}
 q - a scroll of fog {unknown}
 s - 2 scrolls of immolation {unknown}
 u - a scroll of noise {unknown}
 y - 3 scrolls of enchant armour {unknown}
Potions
 d - a potion of agility {unknown}
 e - a potion of flight {unknown}
 f - a potion of lignification {unknown}
 r - a potion of curing {unknown}
 w - 2 potions of degeneration {unknown}
 x - a potion of mutation {unknown}
 B - a potion of heal wounds {unknown}
Books
 c - a book of Maledictions

   Spells                             Type                      Level
   a - Corona                         Hexes                        1
   b - Ensorcelled Hibernation        Hexes/Ice                    2
   c - Confuse                        Hexes                        3
   d - Tukima's Dance                 Hexes                        3
   e - Dazzling Spray                 Conjuration/Hexes            3
 t - a book of Flames

   Spells                             Type                      Level
   a - Flame Tongue                   Conjuration/Fire             1
   b - Throw Flame                    Conjuration/Fire             2
   c - Conjure Flame                  Conjuration/Fire             3
   d - Inner Flame                    Hexes/Fire                   3
   e - Sticky Flame                   Conjuration/Fire             4
   f - Fireball                       Conjuration/Fire             5
   Dithmenos disapproves of the use of such an item.
 C - a Young Poisoner's Handbook

   Spells                             Type                      Level
   a - Sting                          Conjuration/Poison           1
   b - Poisonous Vapours              Poison/Air                   2
   c - Mephitic Cloud                 Conjuration/Poison/Air       3
   d - Olgreb's Toxic Radiance        Poison                       4
   e - Venom Bolt                     Conjuration/Poison           5
Comestibles
 v - 5 rations


   Skills:
 - Level 1.1 Short Blades
 * Level 0.6 Armour
 * Level 3.7 Dodging
 + Level 13.7 Stealth
 - Level 2.6 Spellcasting
 * Level 4.5 Hexes
 - Level 0.1 Ice Magic


You had 9 spell levels left.
You knew the following spells:

 Your Spells              Type           Power        Failure   Level  Hunger
a - Corona                Hex            ###....      2%          1    #......
b - Ensorcelled Hibernat  Hex/Ice        ##....       10%         2    ##.....


Dungeon Overview and Level Annotations

Branches:
Dungeon (6/15)
 Temple: D:4-7

Altars:
Cheibriados
Dithmenos
Fedhas
Qazlal
Wu Jian
Xom
Zin

Shops:
D:4 [   D:6 !

Annotations:
D:3 Jannitor's ghost, amateur DsEn
D:5 Menkaure


Innate Abilities, Weirdness & Mutations

You are very small and have problems with some larger weapons.
You are too small for most types of armour.
You have supernaturally acute eyesight. (SInv)
You are a herbivore.
You cover ground extremely quickly.
You need consume almost no food.


Message History

The ice beast hits you.
* * * LOW HITPOINT WARNING * * *
The ice beast freezes you!
* * * LOW HITPOINT WARNING * * *
You hit the ice beast but do no damage.
The ice beast is lightly wounded.
The ice beast barely misses you.
You barely miss the ice beast.
The ice beast is lightly wounded.
The ice beast hits you but does no damage.
You hit the ice beast but do no damage.
The ice beast is lightly wounded.
The ice beast completely misses you.
You hit the ice beast but do no damage.
The ice beast is lightly wounded.
The ice beast closely misses you.
You hit the ice beast but do no damage. The ice beast hits you.
* * * LOW HITPOINT WARNING * * *
The ice beast freezes you!
You die...

######## #......#
#.####.# #.# #.#
#.# #Y# #.# #@##
#.# #..# #.# ##.♣#
#Y# #..# #.#
#♣∩♣######### #.##
#..........# #..###
#♣.........#
##...###..........#
###...#..........#


You could see an ice beast.

Vanquished Creatures
  A sky beast (D:3)
  A phantom (D:5)
  An ogre (D:4)
  2 centaurs
  A scorpion (D:6)
  2 howler monkeys
  A crimson imp (D:6)
  A hound (D:6)
  A bullfrog zombie (D:6)
  A centaur skeleton (D:5)
  A jelly (D:6)
  An iguana (D:5)
  2 worker ants
  A hound skeleton (D:4)
  A worker ant zombie (D:5)
  14 adders
  2 oozes
  2 worms
  8 leopard geckos
  9 orcs
  9 giant cockroaches
  8 goblins
  5 hobgoblins
  3 quokkas
  A ball python (D:4)
  4 bats
  6 frilled lizards
  A giant cockroach zombie (D:5)
  7 kobolds
  12 rats
109 creatures vanquished.

Notes
Turn   | Place    | Note
-------+----------+-------------------------------------------
     0 | D:1      | Htamos the Spriggan Enchanter began the quest for the Orb.
     0 | D:1      | Reached XP level 1. HP: 9/9 MP: 5/5
   631 | D:1      | Reached skill level 5 in Stealth
   654 | D:1      | Reached XP level 2. HP: 7/13 MP: 6/6
  1115 | D:1      | Learned a level 2 spell: Ensorcelled Hibernation
  1620 | D:2      | Reached skill level 6 in Stealth
  1774 | D:2      | Reached XP level 3. HP: 16/16 MP: 8/8
  2005 | D:2      | Reached skill level 7 in Stealth
  2095 | D:2      | Reached XP level 4. HP: 17/21 MP: 2/9
  2389 | D:2      | Found an ornate altar of the Wu Jian Council.
  2603 | D:3      | Reached skill level 8 in Stealth
  2678 | D:3      | Noticed a sky beast
  2992 | D:3      | Killed a sky beast
  2992 | D:3      | Reached skill level 9 in Stealth
  2992 | D:3      | Reached XP level 5. HP: 24/24 MP: 3/10
  3070 | D:3      | Noticed Jannitor's ghost (amateur DsEn)
  3658 | D:3      | Found a glowing silver altar of Zin.
  3718 | D:3      | Found a snail-covered altar of Cheibriados.
  3785 | D:3      | Reached skill level 10 in Stealth
  4267 | D:4      | Reached XP level 6. HP: 28/28 MP: 11/11
  4331 | D:4      | Found a blossoming altar of Fedhas.
  4467 | D:4      | Found a shimmering altar of Xom.
  4467 | D:4      | Found a shimmering altar of Xom.
  4469 | D:4      | Found a shimmering altar of Xom.
  4479 | D:4      | Found a shimmering altar of Xom.
  4479 | D:4      | Found a shimmering altar of Xom.
  4479 | D:4      | Found a shimmering altar of Xom.
  4479 | D:4      | Found a shimmering altar of Xom.
  4479 | D:4      | Found a shimmering altar of Xom.
  4479 | D:4      | Found a shimmering altar of Xom.
  4480 | D:4      | Found a shimmering altar of Xom.
  4943 | D:4      | Found Fodic's Armour Shoppe.
  4953 | D:4      | Reached skill level 11 in Stealth
  5025 | D:4      | Found a shimmering altar of Xom.
  5206 | D:4      | Reached XP level 7. HP: 32/32 MP: 9/12
  5292 | D:4      | Reached skill level 12 in Stealth
  5483 | D:5      | Entered Level 5 of the Dungeon
  5522 | D:5      | Found a shadowy altar of Dithmenos.
  5543 | D:5      | Became a worshipper of Dithmenos the Shadowed
  5865 | D:5      | Reached skill level 13 in Stealth
  5953 | D:6      | Noticed Menkaure
  6371 | D:6      | Found a stormy altar of Qazlal.
  6549 | D:6      | Reached XP level 8. HP: 18/36 MP: 10/13
  6739 | D:6      | Found Ubopn's Distillery.
  6971 | D:6      | Mangled by an ice beast

Skill      XL: |  1  2  3  4  5  6  7 |
---------------+----------------------+-----
Stealth        | 5 6 7 9 10 11 13 | 13.7
Hexes          | 4 |  4.5
Short Blades   | |  1.1
Armour         | |  0.6
Dodging        | |  3.7
Spellcasting   | |  2.6
Ice Magic      | |  0.1

Action                   |  1- 3 |  4- 6 |  7- 9 || total
-------------------------+-------+-------+-------++-------
Melee: Dagger            |    87 |   135 |   151 ||   373
 Cast: Corona            |     7 |     1 |     1 ||     9
       Ensorcelled Hiber |    15 |    68 |    19 ||   102
 Stab: Sleeping          |    20 |    47 |    12 ||    79
       Distracted        |     1 |       |       ||     1
  Eat: Ration            |       |     3 |     2 ||     5
Armor: Robe              |    11 |    15 |     6 ||    32
       Skin              |       |       |     8 ||     8
Dodge: Dodged            |    72 |    92 |   122 ||   286
